[Event "*** Titled Tuesday Blitz"]
[Site "Chess.com"]
[Date "2020.12.29"]
[Round "4"]
[White "Morshynska"]
[Black "Angel_Hranitel_37"]
[Result "1-0"]
[WhiteElo "2221"]
[BlackElo "2402"]
[TimeControl "180+1"]
[EndTime "10:39:46 PST"]
[Termination "Morshynska won by checkmate"]

1. Nf3 Nf6 2. g3 g6 3. Bg2 Bg7 4. O-O O-O 5. d4 d6 6. b3 Nbd7 7. Bb2 c6 8. c4 Re8 9. Nc3 e5 10. dxe5 dxe5 11. Nd2 Nc5 12. Nde4 Nfxe4 13. Nxe4 Qb6 14.
Nxc5 Qxc5 15. Qc1 Bg4 16. Re1 a5 17. a4 Qb6 18. Qc3 Rad8 19. h3 Be6 20. Rad1 f5 21. h4 Re7 22. h5 Red7 23. Rxd7 Rxd7 24. hxg6 hxg6 25. Qc2 Qd8 26. Bc3 Kf7 27. e3 e4 28.
Bxg7 Kxg7 29. Qc3+ Kf7 30. Bf1 c5 31. Be2 Rd2 32. Kg2 b6 33. Qe5 Rb2 34. Qxb2 Qd6 35. Rh1 f4 36. Rh7+ Kf8 37. Qf6+ Ke8 38. Rh8+ Kd7 39.
Rd8+ Kc7 40. Rxd6 Kxd6 41. Qxf4+ Kd7 42. Qxe4 Bf5 43. Qd5+ Kc7 44. Bf3 Bd7 45. Qb7+ Kd8 46. Qxb6+ Ke7 47. Qxc5+ Kd8 48. Qxa5+ Ke8 49. Qg5 Bf5 50. g4 Bc2 51. Bd5 Kd7 52. e4 Kd6 53.
Qxg6+ Kc5 54. Qc6+ Kd4 55. Qb6+ Kc3 56. c5 Bd3 57. c6 Kb2 58. Kg3 Ba6 59. Qxa6 Kc3 60. Qc4+ Kb2 61. b4 Ka3 62. Qc3+ Kxa4 63. b5 Kxb5 64. c7 Kb6 65. Qc6+ Ka7 66. Qb7# 1-0

[Event "*** Titled Tuesday Blitz"]
[Site "Chess.com"]
[Date "2020.12.29"]
[Round "4"]
[White "Roza_Idrisova"]
[Black "Godzillator"]
[Result "0-1"]
[WhiteElo "2167"]
[BlackElo "2319"]
[TimeControl "180+1"]
[EndTime "10:39:46 PST"]
[Termination "Godzillator won by resignation"]

1. d4 d5 2. Nf3 Nf6 3. Bg5 Ne4 4.
Bf4 c6 5. c3 Bg4 6. Nbd2 Nxd2 7. Qxd2 Nd7 8. h3 Bh5 9. e3 e6 10. Be2 Nf6 11. Qc2 Bg6 12. Qb3 Qb6 13. O-O Ne4 14. Rfd1 Be7 15. Rac1 O-O 16. Qxb6 axb6 17. a3 b5 18. Ne5 Rfd8 19. f3 Nd6 20. Nd3 Nc4 21.
Rc2 Bd6 22. Kf2 Bxf4 23. exf4 Kf8 24. Bf1 Ke7 25. Re2 Bxd3 26. Rxd3 g6 27. Rd1 Kd7 28. Rc2 Kc7 29. Bxc4 bxc4 30. Re1 Ra5 31. g4 Raa8 32.
Rce2 Re8 33. Kg3 Re7 34. h4 Rae8 35. Rh1 Kd6 36. h5 b6 37. Reh2 c5 38. Rd2 cxd4 39. Rxd4 f6 40. hxg6 hxg6 41. Rhd1 Kc5 42. R4d2 Rd8 43.
Rh1 e5 44. fxe5 fxe5 45. Rh6 Rd6 46. Rh8 b5 47. Rc8+ Rc6 48. Rd8 Rd6 49. Rc8+ Kb6 50. Rb8+ Kc6 51. Rc8+ Kb6 52. Rb8+ Rb7 53. Re8 d4 54.
Rxe5 d3 55. f4 Rh7 56. f5 gxf5 57. Rxf5 Rh1 58. g5 Rg1+ 59. Kh2 Re1 60. Rff2 Rg6 61. Rg2 Re5 62. Kh3 Rexg5 63. Rxg5 Rxg5 64. Rf2 Ka5 65. Kh4 Rg1 66. Kh3 Ka4 67. Kh2 Rg5 68. Kh3 Kb3 69.
Kh4 Re5 70. Kg4 Re2 0-1

[Event "*** Titled Tuesday Blitz"]
[Site "Chess.com"]
[Date "2020.12.29"]
[Round "4"]
[White "FGHSMN"]
[Black "AryanTari"]
[Result "0-1"]
[WhiteElo "2650"]
[BlackElo "2887"]
[TimeControl "180+1"]
[EndTime "10:39:47 PST"]
[Termination "AryanTari won by checkmate"]

1. e4 c6 2. d4 d5 3. Nc3 dxe4 4. Nxe4 Bf5 5. Ng3 Bg6 6. h4 h6 7. N1e2 e5 8. dxe5 Qa5+ 9. Bd2 Qxe5 10. Bc3 Qe7 11. Qd2 Nd7 12. O-O-O O-O-O 13. Nf4 Nb6 14. Qxd8+ Qxd8 15. Rxd8+ Kxd8 16. Ngh5 Nd5 17. Nxd5 Bxh5 18. Nf4 Bg4 19. f3 Bd6 20. Nd3 Bc8 21. Bxg7 Rh7 22.
Bc3 Ne7 23. Be5 Kc7 24. Bxd6+ Kxd6 25. Nf4 Rg7 26. g4 f5 27. Nh5 Rg8 28. Bc4 Nd5 29. Bxd5 cxd5 30. gxf5 Bxf5 31. Nf4 Rg3 32. Rf1 Ke5 33.
Ne2 Rh3 34. Kd2 Rxh4 35. c3 h5 36. Ke3 Rh2 37. Rf2 Rxf2 38. Kxf2 h4 39. Kg2 a5 40.
Nd4 Kf4 41. Kf2 a4 42. a3 Bd7 43. Ne2+ Kg5 44. Kg2 Be8 45. Ng1 Kf4 46. Kf2 Bb5 47.
Nh3+ Ke5 48. Ke3 Bf1 49. Nf2 Kf5 50. Ng4 Bh3 51. Nf2 Bg2 52. Ng4 h3 53. Nh2 Kg5 54. Kf2 Kf4 55. Ng4 Bxf3 56. Nh2 Bg2 57. Kg1 Kg3 58. c4 dxc4 59. b3 axb3 60. a4 b2 61.
Nf1+ Bxf1 62. a5 b1=Q 63. Kh1 Bg2# 0-1

[Event "*** Titled Tuesday Blitz"]
[Site "Chess.com"]
[Date "2020.12.29"]
[Round "4"]
[White "FishThatRoared"]
[Black "Chernov_Alexander_A"]
[Result "0-1"]
[WhiteElo "2099"]
[BlackElo "2312"]
[TimeControl "180+1"]
[EndTime "10:39:47 PST"]
[Termination "Chernov_Alexander_A won on time"]

1. e4 e5 2. Nf3 Nc6 3. Bb5 Bc5 4. O-O Nd4 5. Nxd4 Bxd4 6. c3 Bb6 7. d4 c6 8. Ba4 d6 9. Bb3 Nf6 10. f3 h6 11. Be3 O-O 12. Na3 d5 13. exd5 Nxd5 14. Bf2 exd4 15. Bxd4 Nf4 16. Bxb6 Qxb6+ 17. Kh1 Be6 18. Nc4 Bxc4 19. Bxc4 Qc5 20. Bb3 Rad8 21. Qc2 Qg5 22. Rad1 h5 23. g3 Ng6 24. f4 Qg4 25.
f5 Ne5 26. f6 Qh3 27. Qg2 Qg4 28. fxg7 Kxg7 29. h3 Qg5 30. Bc2 f6 31. Qe4 Qh6 32. Rxd8 Rxd8 33. Qf4 Qxf4 34. gxf4 Nc4 35. b3 Ne3 36.
Rf2 Nxc2 37. Rxc2 Rd3 38. Kg2 Kg6 39. c4 Kf5 40. Re2 Kxf4 41. Re7 Rd2+ 42. Kf1 Rxa2 43. Rxb7 f5 44. Rc7 Kf3 45. Ke1 f4 46. Rxc6 Kg3 47.
Rg6+ Kxh3 48. Rf6 Kg3 49. Rg6+ Kf3 50. Rh6 Ke3 51. Kd1 f3 52. Re6+ Kf4 0-1

[Event "*** Titled Tuesday Blitz"]
[Site "Chess.com"]
[Date "2020.12.29"]
[Round "4"]
[White "hurricane7791"]
[Black "WPWPWP-2015"]
[Result "0-1"]
[WhiteElo "2622"]
[BlackElo "2457"]
[TimeControl "180+1"]
[EndTime "10:39:48 PST"]
[Termination "WPWPWP-2015 won by checkmate"]

1. d4 Nf6 2. c4 e6 3. Nc3 Bb4 4. Qc2 d5 5. cxd5 Qxd5 6. Nf3 Qf5 7. Qb3 Nc6 8. e3 O-O 9. a3 Bd6 10. h3 Rd8 11. Be2 e5 12. d5 Ne7 13. g4 Qd7 14. e4 a6 15. Bg5 Ne8 16. Be3 Ng6 17. O-O-O Qe7 18. h4 Bc5 19. h5 Nf4 20. Qc4 Bxe3+ 21. fxe3 Nd6 22. Qb4 a5 23. Qa4 b5 24.
Bxb5 Nxb5 25. Qxb5 Ba6 26. Qa4 Nd3+ 27. Kb1 Nf2 28.
h6 Nxd1 29. Rxd1 g6 30. g5 Qd6 31. Ka1 Rdb8 32. Rc1 Rb6 33. Rc2 Rab8 34. Rd2 Bc8 35. Qc2 Bg4 36. Ne1 Rxb2 37. Qxb2 Rxb2 38. Kxb2 Qb6+ 39.
Kc2 Qxe3 40. Nd3 Qxg5 41. Rf2 f6 42. Nb5 Qh4 43. Nxc7 Qg3 44. Ne8 f5 45. Nf6+ Kf7 46.
Nxg4 Ke8 47. Ngxe5 fxe4 48. Re2 exd3+ 49. Nxd3+ Kd8 50.
Kc3 Qf3 51. Re5 Qf1 52. Kd4 Qa1+ 53. Kc5 Qc3+ 54. Kd6 Qxd3 55. Re6 Qg3+ 56. Kc6 Qc3+ 57. Kd6 Qxa3+ 58. Kc6 Qc3+ 59. Kd6 Qc7# 0-1

[Event "*** Titled Tuesday Blitz"]
[Site "Chess.com"]
[Date "2020.12.29"]
[Round "4"]
[White "IMVoja"]
[Black "winniethepooh04"]
[Result "0-1"]
[WhiteElo "2405"]
[BlackElo "2243"]
[TimeControl "180+1"]
[EndTime "10:39:48 PST"]
[Termination "winniethepooh04 won on time"]

1. d4 Nf6 2. Bg5 g6 3. e3 Bg7 4.
Nd2 O-O 5. Bd3 d6 6. Ngf3 a5 7. c3 Na6 8. h3 c5 9. O-O b6 10. a4 Bb7 11. Re1 Rc8 12. Nc4 d5 13. Nce5 h6 14.
Bh4 Ne4 15. Bb5 Nc7 16. Bd3 g5 17. Bg3 Ne6 18. Bh2 f5 19. Bb5 g4 20. Nh4 gxh3 21.
gxh3 N6g5 22. Bf1 e6 23. Bg2 Qf6 24. Nhf3 Nxf3+ 25. Qxf3 Qh4 26. Rf1 Nd2 27. Qe2 Nxf1 28. Rxf1 cxd4 29. exd4 Kh7 30. Nd7 Rg8 31. Qxe6 Qg5 32.
Kh1 Rce8 33. Qd6 Bf8 34. Qg3 Qe7 35. Qc7 Rg7 36. Qxb7 Qxd7 37. Qxd7 Rxd7 38. Be5 Bg7 39. f4 Bxe5 40. fxe5 Rf8 41. h4 Kg6 42. Rf4 h5 43. Bh3 Rc7 44. Kg2 Rc4 45. Kf3 Rxa4 46. Bg2 Ra2 47. Ke3 Rxb2 48. Bxd5 Rc2 49. Kd3 Rh2 50. e6 a4 51. Rf1 Rh3+ 52. Kc4 f4 0-1

[Event "*** Titled Tuesday Blitz"]
[Site "Chess.com"]
[Date "2020.12.29"]
[Round "4"]
[White "AliKa2810"]
[Black "gatocorbis"]
[Result "1-0"]
[WhiteElo "2591"]
[BlackElo "2052"]
[TimeControl "180+1"]
[EndTime "10:39:48 PST"]
[Termination "AliKa2810 won on time"]

1. Nf3 Nf6 2. g3 g6 3. Bg2 Bg7 4. O-O d5 5. c4 O-O 6. cxd5 Nxd5 7. d4 c5 8. e4 Nb6 9. dxc5 Qxd1 10. Rxd1 Na4 11.
Nc3 Nxc3 12. bxc3 Bxc3 13. Rb1 Nc6 14. Bh6 Re8 15. Rb3 Bg7 16. Bxg7 Kxg7 17. e5 Rb8 18. Ng5 Bg4 19. Rdb1 Na5 20. Rb5 Bf5 21. Be4 Bxe4 22. Nxe4 b6 23. f4 Nc4 24. R5b4 Na5 25. cxb6 axb6 26. Rxb6 Rbc8 27. Ra6 Nc4 28. Ra7 Ne3 29. Kf2 Ng4+ 30. Kf3 Nxh2+ 31. Ke3 Ng4+ 32. Kf3 h5 33.
Rbb7 Red8 34. Rd7 Rxd7 35. Rxd7 Ra8 36. Rxe7 Ra3+ 37. Kg2 Rxa2+ 38. Kf3 Kf8 39. Rd7 Ra3+ 40. Kg2 Ra2+ 41. Kf3 Ra3+ 42. Kg2 Ra2+ 43. Kf1 Ra1+ 44. Ke2 Ra2+ 45. Kd3 Ra3+ 46. Kd4 Ra4+ 47. Kd3 Ra3+ 48.
Nc3 Nf2+ 49. Kc4 1-0

[Event "*** Titled Tuesday Blitz"]
[Site "Chess.com"]
[Date "2020.12.29"]
[Round "4"]
[White "albi1999"]
[Black "baag"]
[Result "1-0"]
[WhiteElo "2542"]
[BlackElo "2706"]
[TimeControl "180+1"]
[EndTime "10:39:49 PST"]
[Termination "albi1999 won by checkmate"]

1. d4 Nf6 2. c4 c5 3. d5 e6 4. Nc3 exd5 5. cxd5 d6 6. e4 g6 7. h3 Bg7 8. Nf3 O-O 9. Bd3 Nbd7 10. O-O a6 11. a4 Nh5 12. Bg5 Bf6 13. Be3 Re8 14. Re1 Rb8 15. a5 b5 16. axb6 Rxb6 17.
Qd2 Ne5 18. Be2 Nxf3+ 19. Bxf3 Ng7 20. Bf4 Bd7 21. Ra2 Qb8 22. Bg4 Bxg4 23. hxg4 Rb4 24. Re2 Bxc3 25. bxc3 Rbxe4 26. Rxe4 Rxe4 27. Rxa6 Ne8 28. f3 Qb1+ 29. Kh2 Re1 30. Bxd6 Rh1+ 31. Kg3 Qb7 32. Qe2 Qd7 33. Qe7 Qxe7 34. Bxe7 Rd1 35. c4 f5 36. gxf5 gxf5 37. Bxc5 Rc1 38. Ra4 Kf7 39. Be3 Rc3 40. Bf4 Nf6 41. Be5 Rc2 42.
Ra7+ Kg6 43. Bxf6 Kxf6 44. Rc7 h5 45. d6 Kg5 46. f4+ Kf6 47. c5 Rc3+ 48. Kf2 Ke6 49. Re7+ Kf6 50. Re5 Rc4 51. Ke3 Rc3+ 52. Kd4 Rc2 53.
Kd5 Rxg2 54. d7 Rd2+ 55. Kc6 h4 56. Re3 Kg6 57. Kc7 Kh5 58. d8=Q Rxd8 59. Kxd8 Kg4 60. c6 Kxf4 61. Re1 h3 62. c7 h2 63. c8=Q Kg3 64. Qc6 f4 65. Qh1 f3 66. Rf1 f2 67. Rxf2 Kxf2 68.
Qxh2+ Kf3 69. Qh4 Ke3 70. Ke7 Kf3 71. Kd6 Ke3 72. Ke5 Kf3 73. Qf4+ Ke2 74. Qg3 Kd2 75. Qf3 Kc2 76. Kd4 Kd2 77. Qf2+ Kd1 78. Kc3 Kc1 79. Qc2# 1-0

[Event "*** Titled Tuesday Blitz"]
[Site "Chess.com"]
[Date "2020.12.29"]
[Round "4"]
[White "Aemulus20"]
[Black "Chessmatus"]
[Result "1-0"]
[WhiteElo "2603"]
[BlackElo "2443"]
[TimeControl "180+1"]
[EndTime "10:39:49 PST"]
[Termination "Aemulus20 won on time"]

1. e4 c5 2. Nc3 d6 3. f4 g6 4. Nf3 Bg7 5. Bb5+ Bd7 6. Bc4 e6 7.
d3 Ne7 8. O-O Nbc6 9. Qe1 O-O 10. Qh4 d5 11. Bb3 Nd4 12. f5 gxf5 13. Bh6 Ng6 14. Qh5 Nxf3+ 15. Rxf3 Bxh6 16. Qxh6 Qh4 17. Qxh4 Nxh4 18. Rg3+ Kh8 19. exd5 f4 20. Rh3 Ng6 21. dxe6 fxe6 22. Ne4 e5 23. Rh5 Kg7 24. Nxc5 Bg4 25. Rg5 h5 26. Rxg4 hxg4 27. Ne6+ Kf6 28. Nxf8 Rxf8 29. Bd5 b6 30. Be4 Rc8 31. c3 Nf8 32.
Rf1 Ne6 33. g3 Kg5 34. Bd5 Nc5 35. d4 Nd3 36. dxe5 f3 37. e6 Nxb2 38. h3 Na4 39. c4 Nc5 40. hxg4 Re8 41. Re1 Re7 42. Kf2 Nd3+ 43. Kf1 Nxe1 44. Kxe1 Kxg4 45. Kf2 Kf5 46. Kxf3 Ke5 47. a4 a6 48. Kg4 b5 49. axb5 axb5 50.
Kf3 b4 51. Ke3 Ra7 52. Kd2 Ra3 53. e7 Ra2+ 54. Kc1 1-0

[Event "*** Titled Tuesday Blitz"]
[Site "Chess.com"]
[Date "2020.12.29"]
[Round "4"]
[White "bascheyaro"]
[Black "FontVella8"]
[Result "0-1"]
[WhiteElo "2707"]
[BlackElo "2521"]
[TimeControl "180+1"]
[EndTime "10:39:50 PST"]
[Termination "FontVella8 won by resignation"]

1. d4 d5 2. c4 c6 3. Nc3 Nf6 4. Bg5 e6 5. e3 Nbd7 6. Nf3 h6 7. Bh4 Bb4 8. Qb3 Qa5 9. Bd3 dxc4 10. Bxc4 b5 11.
Bxe6 fxe6 12. Qxe6+ Be7 13. Bxf6 gxf6 14. Qxc6 Rb8 15.
O-O Bb7 16. Qxb5 Qxb5 17. Nxb5 Bxf3 18. Nc7+ Kf7 19. gxf3 Rhc8 20. Nd5 Rxb2 21. Rfb1 Rcc2 22. Rxb2 Rxb2 23. a4 a5 24. Rc1 Ra2 25. Rc7 Ke6 26. Nf4+ Kd6 27. Ra7 Bd8 28. Ra6+ Bb6 29. Nd3 Rxa4 30.
Nc5 Ra1+ 31. Kg2 Rb1 32. Ne4+ Kc6 33. Ra8 Kb7 34. Re8 a4 35. Nc3 Ra1 36. Re7 Kc6 37. d5+ Kd6 38. Re6+ Kc5 39. Rc6+ Kb4 40. Nxa4 Rxa4 41.
Rd6 Ra7 42. e4 Kc5 43. Rc6+ Kb5 44. Rd6 Ne5 45. Rxf6 Ra2 46. f4 Rxf2+ 47. Kg3 Nd3 48. e5 Rf1 49. d6 Rg1+ 50. Kf3 Kc6 51. Rxh6 Rf1+ 52. Ke4 Nxf4 53. d7+ Kxd7 54. Rxb6 Ne6 55. Rb7+ Ke8 56. h4 Nc5+ 57. Kd5 Nxb7 58. h5 Rh1 59. Kc6 Rxh5 60. e6 Re5 61. Kxb7 Rxe6 0-1

[Event "*** Titled Tuesday Blitz"]
[Site "Chess.com"]
[Date "2020.12.29"]
[Round "4"]
[White "torsten64"]
[Black "dosto07"]
[Result "1-0"]
[WhiteElo "2145"]
[BlackElo "2300"]
[TimeControl "180+1"]
[EndTime "10:39:50 PST"]
[Termination "torsten64 won on time"]

1. d4 d5 2. c4 dxc4 3. Nf3 Nf6 4. e3 e6 5. Bxc4 c5 6. O-O a6 7.
Bb3 Nc6 8. Nc3 Be7 9. Qe2 cxd4 10. Rd1 e5 11. exd4 exd4 12. Be3 Bg4 13. h3 Bxf3 14.
Qxf3 O-O 15. Bg5 Qa5 16. Bxf6 Bxf6 17. Nd5 Be5 18. Qf5 Qd8 19. Rd3 g6 20. Qf3 Bg7 21.
Rad1 Ne5 22. Qe4 Nxd3 23. Qxd3 Rc8 24. a3 Qg5 25. g3 Rfe8 26. Nf4 Be5 27. Nd5 Bg7 28.
Kg2 h5 29. h4 Qg4 30. Rd2 Qe4+ 31. Qxe4 Rxe4 32. Kf3 Re1 33. Nb6 Rc6 34. Nd5 Rd6 35. Nf4 Bh6 36. Rd3 Bxf4 37. Kxf4 Re2 38. f3 Rxb2 39. Ke5 Rd8 40. Bd5 Rb6 41. Rxd4 Kg7 42. Rf4 f6+ 43. Ke4 Rbd6 44. Bxb7 Rd4+ 45. Ke3 Rd3+ 46.
Ke2 Rxa3 47. Rc4 Re8+ 48. Kd2 Re7 49. Bd5 a5 50. Rc5 Rd7 51. Kc2 a4 52. Be6 Re7 53.
Bd5 Re2+ 54. Kd1 1-0

[Event "*** Titled Tuesday Blitz"]
[Site "Chess.com"]
[Date "2020.12.29"]
[Round "4"]
[White "igorkovalenko"]
[Black "kingofthenil"]
[Result "1-0"]
[WhiteElo "2917"]
[BlackElo "2742"]
[TimeControl "180+1"]
[EndTime "10:39:52 PST"]
[Termination "igorkovalenko won by checkmate"]

1. d4 Nf6 2. Nf3 d5 3. c4 e6 4.
Nc3 h6 5. g3 Bd6 6. Bg2 O-O 7.
O-O Nc6 8. b3 dxc4 9. bxc4 e5 10.
d5 Na5 11. Nd2 Bf5 12. e4 Bg4 13. Qc2 Nd7 14. f3 Bh5 15. Nd1 b6 16. Nb3 Nb7 17. Ne3 a5 18. Bd2 a4 19. Nc1 Bc5 20. Kh1 Bd4 21.
Rb1 Ndc5 22. Ne2 Nd6 23. g4 Bg6 24. Nxd4 exd4 25. Nf5 Bxf5 26. gxf5 a3 27. Rg1 Ra4 28. Bf1 Qh4 29. Rg4 Qh5 30. Rg3 Qh4 31. Qc1 Kh7 32.
Qe1 g6 33. Rc1 h5 34. Qf2 Ndxe4 35. fxe4 Nxe4 36. fxg6+ fxg6 37. Qxf8 Nxg3+ 38. Kg2 Ne4 39. Qf7+ Kh8 40. Qf8+ Kh7 41. Qf7+ Kh8 42. Be1 Qg4+ 43.
Kh1 Ra8 44. Bg2 d3 45. Bxe4 Qxe4+ 46. Kg1 Qe3+ 47. Kg2 Qxc1 48. Qf6+ Kh7 49. Qf7+ Kh6 50. Bg3 Qd2+ 51. Kh3 g5 52. Qf6+ Kh7 53. Qf7+ Kh6 54. Qe6+ Kh7 55. Qd7+ Kh6 56. Qc6+ Kh7 57. Qxc7+ Kg6 58.
Qc6+ Kf5 59. Qe6# 1-0

[Event "*** Titled Tuesday Blitz"]
[Site "Chess.com"]
[Date "2020.12.29"]
[Round "4"]
[White "MF1966Idrisov"]
[Black "EdmundPlayer"]
[Result "1/2-1/2"]
[WhiteElo "2376"]
[BlackElo "2202"]
[TimeControl "180+1"]
[EndTime "10:39:52 PST"]
[Termination "Game drawn - insufficient material"]

1. Nf3 c5 2. b3 Nc6 3. Bb2 d5 4. e3 Bg4 5. Be2 e6 6. d4 Nf6 7.
O-O cxd4 8. Nxd4 Bxe2 9. Qxe2 Nxd4 10. Bxd4 Bd6 11. Qb5+ Qd7 12. Qxd7+ Kxd7 13. Nd2 e5 14. Bb2 Rac8 15. c4 Ke6 16. cxd5+ Nxd5 17. Ne4 Be7 18. Rac1 f5 19. Nd2 Rhd8 20. Nc4 Bf6 21. a4 Nb4 22. Ba3 Nd3 23. Rcd1 e4 24. f3 a6 25. g4 g6 26.
a5 exf3 27. gxf5+ gxf5 28. Rxf3 Rg8+ 29. Kh1 Rcd8 30. Rdf1 Rg5 31. e4 f4 32. Nd6 Ne5 33. Rxf4 Be7 34. Nf5 Bxa3 35. Rh4 Rdg8 36. Rxh7 Bc5 37.
h4 Rg1+ 38. Rxg1 Rxg1+ 39. Kh2 Ng4+ 40. Kh3 Nf2+ 41. Kh2 Nxe4 42. Ng7+ Kd5 43. Rh5+ Kd4 44. Rxc5 Nxc5 45. Kxg1 Nxb3 46. h5 Ke5 47. Ne8 Kf5 48.
Nd6+ Kg5 49. Nxb7 Kxh5 50. Kf2 Kg5 51. Ke3 Kf5 52. Kd3 Ke5 53. Kc4 Nxa5+ 54. Nxa5 Kd6 55.
Kb4 Ke5 56. Nc6+ Kd6 57. Nd4 a5+ 58. Ka4 Kd5 59. Nc2 Kc4 60. Na3+ Kc3 61. Nb5+ Kc4 62. Nd6+ Kc5 63. Nf7 Kc4 64. Ng5 Kc5 65. Ne4+ Kc4 66. Nd6+ Kc5 67. Nb7+ Kc4 68. Nd8 Kc5 69. Ne6+ Kc4 70.
Ka3 a4 71. Nc7 Kc5 72. Na6+ Kc6 73. Nb4+ Kd6 74. Kxa4 1/2-1/2

[Event "*** Titled Tuesday Blitz"]
[Site "Chess.com"]
[Date "2020.12.29"]
[Round "4"]
[White "Natalya_Buksa"]
[Black "GMHess"]
[Result "0-1"]
[WhiteElo "2538"]
[BlackElo "2855"]
[TimeControl "180+1"]
[EndTime "10:39:53 PST"]
[Termination "GMHess won by checkmate"]

1. d4 g6 2. Nc3 Bg7 3. e4 a6 4. f4 d6 5. Nf3 e6 6. Bd3 Ne7 7. O-O d5 8. e5 Nd7 9. Be3 b6 10. Ne2 Bb7 11. c3 Bc6 12. a4 a5 13. Ng5 h6 14.
Nf3 h5 15. Bf2 Nf5 16. g3 Nf8 17. Kg2 Nh7 18. Neg1 Nh6 19. Nh3 Ng4 20. Bg1 Bh6 21. Qc2 Rg8 22. b4 Bb7 23. b5 Qe7 24. Rfe1 O-O-O 25. Nf2 f5 26. exf6 Nhxf6 27. Nxg4 hxg4 28. Ne5 g5 29. fxg5 Bxg5 30. Be3 Bxe3 31. Rxe3 Ne4 32. Kg1 Ng5 33.
Rf1 Rdf8 34. Ree1 Rxf1+ 35. Rxf1 Rf8 36. Qe2 Rxf1+ 37. Qxf1 c5 38. Ng6 Qg7 39. Qf8+ Qxf8 40. Nxf8 cxd4 41. cxd4 Nf3+ 42. Kf2 Nxd4 43. Ke3 e5 44.
Ng6 Nf3 45. Bf5+ Kc7 46. Bxg4 d4+ 47. Kd3 e4+ 48. Ke2 Nxh2 49. Bf5 Kd6 50. Nf4 Ke5 51. Bd7 d3+ 52. Kd2 Nf1+ 53. Ke1 Nxg3 54. Ng6+ Kd4 55.
Nf4 e3 56. Bg4 Be4 57. Ne6+ Kc3 58. Nc7 d2+ 59. Kd1 Bc2# 0-1

[Event "*** Titled Tuesday Blitz"]
[Site "Chess.com"]
[Date "2020.12.29"]
[Round "4"]
[White "sorrm8thatscheckm8"]
[Black "ZiggyStardust64"]
[Result "1/2-1/2"]
[WhiteElo "2502"]
[BlackElo "2684"]
[TimeControl "180+1"]
[EndTime "10:39:53 PST"]
[Termination "Game drawn by repetition"]

1. d4 d5 2. c4 e6 3. Nc3 Nf6 4. cxd5 exd5 5. Qc2 Be7 6. Bg5 O-O 7.
e3 h6 8. Bh4 c6 9. Bd3 Re8 10.
Nge2 Nbd7 11. h3 Ne4 12. Bxe7 Qxe7 13. Bxe4 dxe4 14. g4 Nf6 15. Ng3 b5 16. Nce2 Be6 17.
Qxc6 Rec8 18. Qxb5 Rab8 19. Qe5 Rxb2 20. O-O Qc7 21.
Nf4 Qxe5 22. dxe5 Nd7 23. Nxe6 fxe6 24. Nxe4 Nxe5 25. a4 Rc4 26. Nd6 Rcc2 27. Rab1 Ra2 28. Rb8+ Kh7 29. Rb7 Nd3 30. Ne4 Rxa4 31. Rd1 Ne5 32.
Nf6+ Kg6 33. Ne8 Kg5 34. Rxg7+ Kh4 35. Rh7 Kxh3 36. Rxh6+ Kxg4 37. Rxe6 Nf3+ 38. Kg2 Nh4+ 39. Kf1 Raa2 40. Nf6+ Kf3 41. Ne4 Nf5 42. Ng5+ Kg4 43. Ne4 Kf3 44. Ng5+ Kg4 45. Ne4 Rcb2 46. Re5 Nh4 47.
Rg5+ Kf3 48. Rg3+ Kxe4 49. Rg4+ Kf5 50. Rf4+ Kg5 51. Rd5+ Kg6 52. Rd6+ Kg5 53. Rd5+ Kg6 54. Rd6+ Kg7 55. Rd7+ Kg6 56. Rd6+ 1/2-1/2

[Event "*** Titled Tuesday Blitz"]
[Site "Chess.com"]
[Date "2020.12.29"]
[Round "4"]
[White "andriipalchuk"]
[Black "olksuna"]
[Result "1-0"]
[WhiteElo "2488"]
[BlackElo "2632"]
[TimeControl "180+1"]
[EndTime "10:39:54 PST"]
[Termination "andriipalchuk won by checkmate"]

1. e4 d6 2. d4 Nf6 3. Nc3 c6 4. f3 Nbd7 5. Be3 e5 6. Qd2 Be7 7. Nge2 O-O 8. Nd1 d5 9. dxe5 Nxe5 10. Bd4 Nc4 11. Qc3 a5 12. a3 Bb4 13. axb4 axb4 14.
Qxb4 Rxa1 15. b3 Rb1 16. Nc3 Rxd1+ 17. Nxd1 Nd6 18. e5 Re8 19. Kf2 Nfe4+ 20. fxe4 Nxe4+ 21. Kg1 b6 22. Bxb6 Qg5 23. Bd4 Qc1 24. Qe1 Bg4 25.
Be2 Bxe2 26. Qxe2 c5 27. Bb2 Qf4 28. g3 Qf5 29. Ne3 Qe6 30. Qg4 Qc6 31. e6 f6 32. Nf5 g6 33. Kg2 Rxe6 34. Re1 d4 35. Kg1 Kh8 36. Nh4 f5 37. Qf4 Kg7 38. Nf3 h6 39. b4 Qb5 40. Qc1 Qxb4 41. c3 Qb3 42.
cxd4 Re7 43. dxc5+ Kh7 44. Nd4 Qd5 45. c6 Rc7 46.
Qe3 Qd6 47. g4 Qb4 48. gxf5 gxf5 49. Nxf5 Qxb2 50. Qxe4 Qb6+ 51. Kh1 Qxc6 52. Qxc6 Rxc6 53. Rg1 Rc5 54. Ng3 Rc2 55. Ne4 Re2 56. Nf6+ Kh8 57.
Rg8# 1-0

[Event "*** Titled Tuesday Blitz"]
[Site "Chess.com"]
[Date "2020.12.29"]
[Round "4"]
[White "Leo_C"]
[Black "Brave_spirit12"]
[Result "0-1"]
[WhiteElo "2350"]
[BlackElo "2538"]
[TimeControl "180+1"]
[EndTime "10:39:55 PST"]
[Termination "Brave_spirit12 won by resignation"]

1. d4 e6 2. c4 Nf6 3. Nc3 d5 4. cxd5 exd5 5. Bg5 Be7 6. e3 O-O 7. Bd3 c6 8. Nge2 h6 9. Bh4 Re8 10. Qc2 Na6 11. a3 Nc7 12. f3 g5 13. Bf2 Bd6 14. h3 b6 15. e4 dxe4 16. fxe4 Nh5 17. e5 Bf8 18. O-O-O Ba6 19. Bxa6 Nxa6 20. Ne4 Rc8 21. g4 f5 22. gxf5 c5 23. dxc5 Qe7 24. Qc4+ Qf7 25. Qxf7+ Kxf7 26. Rd7+ Kg8 27. Rxa7 Nxc5 28. Nxc5 Bxc5 29.
Bxc5 Rxc5+ 30. Kb1 Rcxe5 31. Nd4 Ng3 32. Rc1 R5e7 33. Rxe7 Rxe7 34. Rc6 Rd7 35. Nf3 Nxf5 36. Rxb6 Rd3 37. Ne5 Rxh3 38. a4 Re3 39. Ng4 Re1+ 40.
Ka2 Kg7 41. a5 Re4 42. Rb7+ Kf8 43. Rb8+ Ke7 44. Rb7+ Kd8 45. Rf7 Rxg4 46. Rxf5 Ke7 47. Ka3 Ke6 48. Rb5 Rd4 49. Rb6+ Rd6 50. Rb3 g4 51.
Ka4 h5 52. Kb5 h4 53. a6 Rd8 54. a7 g3 55. Kb6 g2 56. Re3+ Kf5 57. Re1 h3 58. Rd1 Rxd1 59. a8=Q g1=Q+ 60. Kb5 Qf1+ 0-1

[Event "*** Titled Tuesday Blitz"]
[Site "Chess.com"]
[Date "2020.12.29"]
[Round "4"]
[White "DinaBelenkaya"]
[Black "szefru"]
[Result "1-0"]
[WhiteElo "2385"]
[BlackElo "2198"]
[TimeControl "180+1"]
[EndTime "10:39:55 PST"]
[Termination "DinaBelenkaya won on time"]

1. e4 e5 2. Nf3 Nc6 3. d4 exd4 4. Nxd4 Bc5 5. Nb3 Bb6 6. Nc3 Nge7 7. a4 a6 8. a5 Ba7 9. Bg5 h6 10. Bh4 g5 11. Bg3 d6 12. Qh5 Be6 13. h4 Ng6 14. hxg5 Qxg5 15. Qxg5 hxg5 16. Rxh8+ Nxh8 17. Nd5 O-O-O 18. O-O-O Ng6 19. Be2 Rh8 20. c3 Nce5 21. Nd4 Bxd4 22. Rxd4 Rh1+ 23. Rd1 Rxd1+ 24. Kxd1 c6 25. Nb6+ Kc7 26.
Kc2 Nd7 27. Nxd7 Bxd7 28. Bh5 Be6 29. b3 Kd7 30. c4 Ke7 31. f3 Nf8 32. f4 gxf4 33.
Bxf4 Nd7 34. Bg5+ f6 35. Be3 Ne5 36. c5 Bg4 37. cxd6+ Kxd6 38. Bxg4 Nxg4 39. Bd4 Ne5 40. g3 Nf3 41. Bxf6 Ke6 42. Bg7 Ng5 43. Kd3 Nf3 44. Ke3 Ne1 45. g4 Nc2+ 46. Kf4 Nb4 47. g5 Nd3+ 48. Ke3 Nc5 49. b4 Nb3 50. Bc3 c5 51. g6 1-0

[Event "*** Titled Tuesday Blitz"]
[Site "Chess.com"]
[Date "2020.12.29"]
[Round "4"]
[White "chessuriel"]
[Black "brunomorado"]
[Result "0-1"]
[WhiteElo "2217"]
[BlackElo "2416"]
[TimeControl "180+1"]
[EndTime "10:39:56 PST"]
[Termination "brunomorado won by resignation"]

1. e4 c5 2. Nf3 Nc6 3. d4 cxd4 4. Nxd4 e5 5. Nb5 d6 6. N1c3 a6 7. Na3 b5 8. Nd5 Nce7 9. Be2 Nxd5 10. Qxd5 Be6 11.
Qc6+ Bd7 12. Qd5 Nf6 13. Qd3 Bc6 14. f3 d5 15. exd5 Nxd5 16. O-O Bc5+ 17. Kh1 O-O 18. c4 bxc4 19. Qxc4 Qb6 20. Qh4 Bxa3 21. bxa3 Ne3 22. Qf2 Nd5 23. Qxb6 Nxb6 24. Be3 Nd5 25. Bc5 Rfc8 26.
Rfc1 Bb5 27. Bd1 Rc6 28. Bb3 Nf4 29. a4 Nd3 30. axb5 Rxc5 31. Rxc5 Nxc5 32. bxa6 Rxa6 33. Rc1 Nd7 34. Rc8+ Nf8 35. Rc7 Rf6 36. Kg1 g6 37. a4 Kg7 38. Bc4 Ne6 39. Rc6 Nd4 40. Rxf6 Kxf6 41. a5 Nc6 42. a6 Ke7 43.
Kf2 f6 44. Ke3 Kd6 45. Bf1 Kc5 46. g3 Kb6 47. f4 exf4+ 48. Kxf4 Kc5 49. h4 Kd6 50.
Bg2 Na7 51. Ke3 Ke5 52. Bf3 g5 53. h5 f5 54. Bb7 h6 55. Kf3 Nb5 56. g4 fxg4+ 57.
Kxg4 Na7 58. Bg2 Nb5 59. Bb7 Na7 60. Bg2 Kf6 61. Bf1 Nc6 62. Bc4 Ne5+ 63. Kg3 Nxc4 64.
a7 Nb6 65. Kf3 Kf5 0-1